 Dungeon Crawl Stone Soup version 0.29.1-4-g47bece8355 (webtiles) character file.

Game seed: 1363651605607818647

18 BiteMe the Digger (level 3, 0/26 HPs)
             Began as a Meteoran Earth Elementalist on Dec 2, 2022.
             Succumbed to a goblin's poison
             ... on level 1 of the Dungeon.
             The game lasted 00:08:14 (552 turns).

BiteMe the Digger (Meteoran Earth Elementalist)      Turns: 552, Time: 00:08:15

Health: 0/26       AC:  8    Str: 10    XL:     3   Next: 5%
Magic:  8/8        EV:  4    Int: 18    God:
Gold:   7          SH:  0    Dex: 14    Spells: 6/7 levels left

rFire   . . .      SeeInvis .   g - +0 short sword
rCold   . . .      Faith    .   (no shield)
rNeg    . . .      Spirit   .   h - +0 chain mail
rPois   .          Reflect  .   (no helmet)
rElec   .          Harm     .   (no cloak)
rCorr   .          Rampage  .   (no gloves)
Will    .....                   (no boots)
Stlth   ..........              (no amulet)
HPRegen 0.08/turn               (no ring)
MPRegen 0.11/turn               (no ring)

@: lethally poisoned (0 -> -19), glowing, bezotted
A: sense surroundings 1, otherworldly, glowing, explore regen
a: no special abilities


You were on level 1 of the Dungeon.
You visited 1 branch of the dungeon, and saw 1 of its levels.

You collected 7 gold pieces.

Inventory:

Hand Weapons
 f - a +0 club
 g - a +0 short sword (weapon)
 i - a +2 dagger of protection
 j - a +0 club
Armour
 a - a +0 robe
 d - a +0 leather armour
 h - a +0 chain mail (worn)
Scrolls
 c - a scroll of poison
 e - 3 scrolls of identify
Potions
 b - a potion of magic


   Skills:
 + Level 0.2 Fighting
 * Level 1.0 Armour
 + Level 2.5 Dodging
 - Level 1.4 Stealth
 * Level 2.7 Spellcasting
 * Level 1.8 Transmutations
 + Level 4.1 Earth Magic


You had 6 spell levels left.
You knew the following spells:

 Your Spells              Type           Power      Damage    Failure   Level
a - Sandblast             Erth           34%        2d9       94%         1

Your spell library contained the following spells:

 Spells                   Type           Power      Damage    Failure   Level
 Passwall                 Tmut/Erth      10%        N/A       99%         2
 Stone Arrow              Conj/Erth      18%        3d8       100%        3
 Petrify                  Tmut/Erth      13%        N/A       100%        4


Dungeon Overview and Level Annotations

Branches:
Dungeon (1/15) Zot: 41

Altars:


Innate Abilities, Weirdness & Mutations

You passively map a small area around you.
You are easily found by Zot.
You glow in the dark.
You regain HP and MP as you explore.


Message History

Found a club.
Found a faded altar of an unknown god.
You see here a +0 club.
j - a +0 club
There is a faded altar of an unknown god here.
There is a faded altar of an unknown god here.
A goblin comes into view. It is wielding a +0 dagger of venom.
The goblin shouts!
A hobgoblin comes into view.
A frilled lizard comes into view.
The frilled lizard hisses angrily.
Zot draws nearer.
Dive deeper or flee this branch before you suffer!
The frilled lizard moves out of view.
The goblin hits you with a +0 dagger of venom.
You are poisoned.
You hit the goblin but do no damage.
You feel sick. The goblin hits you but does no damage.
You are more poisoned.
You closely miss the goblin.
You feel very sick.
The goblin hits you with a +0 dagger of venom.
Okay, then.
Okay, then.
You feel very sick.
The hobgoblin hits you but does no damage.
You feel sick.
The air fills with toxic fumes!
As you read the scroll labelled APHORUCUKOU, it crumbles to dust.
It was a scroll of poison.
You feel sick.
The goblin hits you with a +0 dagger of venom.
* * * LOW HITPOINT WARNING * * *
You are more poisoned.
As you read the scroll labelled TEZEGO CIALO, it crumbles to dust.
It is a scroll of identify.
You don't have any unidentified items.
* * * LOW HITPOINT WARNING * * *
You feel very sick. The goblin hits you but does no damage.
You are more poisoned.
You closely miss the goblin.
You die...

#..# #.##.....
#..# #.##..###
#..#####.##..#
###............#
*
#§§......#....##
,
#§#.####.###..#
* #§#.# #.# #..#
#§#.#,,... ...#*
#@#.. ..###.## ,
#g###.#..# #.#*,
, #gl......#
#.., ##§§... ,
§§§.. * §§§§.
..... * *......
, , ,*


You could see a hobgoblin, a goblin and a frilled lizard.

Vanquished Creatures
  A dart slug (D:1)
  An endoplasm (D:1)
  2 giant cockroaches (D:1)
  A goblin (D:1)
  2 hobgoblins (D:1)
  4 kobolds (D:1)
  2 bats (D:1)
  A frilled lizard (D:1)
14 creatures vanquished.

Notes
Turn   | Place    | Note
-------+----------+-------------------------------------------
     0 | D:1      | BiteMe the Meteoran Earth Elementalist began the quest for
                  | the Orb.
     0 | D:1      | Reached XP level 1. HP: 14/14 MP: 5/5
   157 | D:1      | Reached XP level 2. HP: 13/20 MP: 6/6
   466 | D:1      | Reached skill level 4 in Earth Magic
   494 | D:1      | Glimpsed the power of Zot.
   498 | D:1      | Reached XP level 3. HP: 16/26 MP: 8/8
   516 | D:1      | Reached skill level 1 in Armour
   518 | D:1      | Found a faded altar of an unknown god.
   543 | D:1      | Glimpsed the power of Zot.
   552 | D:1      | Succumbed to a goblin's poison

Illustrated notes

Levels and vault maps discovered:
D:1:      scummos_arrival_forest, layout_loops_ring, basic_ecumenical_altar

Skill      XL: |  1  2  3 |
---------------+----------+-----
Earth Magic    | 4 |  4.1
Armour         | 1 |  1.0
Fighting       | |  0.2
Dodging        | |  2.5
Stealth        | |  1.4
Spellcasting   | |  2.7
Transmutations | |  1.8

Action                   || total
-------------------------++-------
Melee: Short sword       ||    61
       Club              ||     2
 Cast: Sandblast         ||     2
  Use: Scroll            ||     2
Armor: Leather armour    ||     8
       Chain mail        ||    39
Dodge: Dodged            ||    18
